 Seeded DCSS version 0.32-a0-913-g739538afd8 (webtiles) character file.

Game seed: 20240408 (custom seed)

1362 atomiclemming the Chopper (level 8, 0/63 (68) HPs)
             Began as a Mountain Dwarf Fighter on Apr 8, 2024.
             Was an Initiate of Ashenzari.
             Slain by a wight
             ... wielding a +1 halberd
              (4 damage)
             ... on level 6 of the Dungeon.
             The game lasted 00:38:57 (4417 turns).

atomiclemming the Chopper (Mountain Dwarf Fighter)  Turns: 4417, Time: 00:38:57

HP:   0/63 (68)     AC: 14    Str: 19    XL:     8   Next: 37%
MP:   8/8           EV:  5    Int:  9    God:    Ashenzari [......]
Gold: 186           SH:  4    Dex: 11    Spells: 3/7 levels left

rFire   . . .        a - +0 war axe (drain)
rCold   . . .        c - +0 buckler
rNeg    . . .        j - +0 plate armour "Lashed With Me" {Cun, Sorc} (curse)
rPois   .            (no helmet)
rElec   .            (no cloak)
rCorr   .            f - +0 pair of gloves
SInv    +            (no boots)
Will    .....        (no amulet) Stlth
                     (no ring)
HPRegen 0.30/turn    (no ring)
MPRegen 0.11/turn

%: no passive effects
@: drained
A: runic magic, artefact enchanting, hooves 1, see invisible, sense surroundings
1
a: Renounce Religion, Shatter the Chains


You were on level 6 of the Dungeon.
You worshipped Ashenzari.
Ashenzari was noncommittal.
You visited 1 branch of the dungeon, and saw 6 of its levels.

You collected 186 gold pieces.

Inventory:

Hand Weapons
 a - a +0 war axe of draining (weapon)
 k - a +0 dagger of protection
Missiles
 h - a throwing net (quivered)
Armour
 c - a +0 buckler (worn)
 f - a +0 pair of gloves (worn)
 j - the cursed +0 plate armour "Lashed With Me" (worn) {Cun, Sorc}
   (You found it on level 6 of the Dungeon)

   It has a curse which improves the following skills: Cunning: Dodging and
   Stealth.
   Sorcery:   Conjurations and Alchemy.
Wands
 q - a wand of warping (8)
 v - a wand of flame (47)
Scrolls
 d - 2 scrolls of poison
 l - a scroll of immolation {unknown}
 m - 4 scrolls of fog
 p - a scroll of revelation {unknown}
 u - a scroll of teleportation
 w - 2 scrolls of fear {unknown}
Potions
 e - a potion of heal wounds
 i - 2 potions of attraction {unknown}
 n - a potion of ambrosia {unknown}
 o - a potion of lignification {unknown}
 r - 2 potions of haste {unknown}
 s - a potion of might


   Skills:
 + Level 5.1 Fighting
 + Level 1.6 Short Blades
 + Level 7.9 Axes
 + Level 0.5 Ranged Weapons
 + Level 6.4 Armour
 + Level 1.8(2.1) Dodging
 + Level 0.3(0.4) Stealth
 + Level 4.8 Shields


You had 3 spell levels left.
You knew the following spells:

 Your Spells              Type           Power      Damage    Failure   Level
a - Sandblast             Erth           0%         2d4       75%         1
b - Stone Arrow           Conj/Erth      0%         3d7       98%         3

Your spell library contained the following spells:

 Spells                   Type           Power      Damage    Failure   Level
 Animate Armour           Summ/Erth      0%         N/A       100%        4
 Brom's Barrelling Bould  Conj/Erth      0%         2d3       100%        4
 Lehudib's Crystal Spear  Conj/Erth      0%         10d2      100%        8


Dungeon Overview and Level Annotations

Branches:
Dungeon (6/15)
 Temple: D:4-7

Altars:
Ashenzari
Fedhas
Hepliaklqana
Qazlal
Trog
Uskayaw
Vehumet
The Shining One

Shops:
D:4 (


Innate Abilities, Weirdness & Mutations

Your spellcasting is much less encumbered by armour.
You can use scrolls of enchantment on lesser artefacts.
You have large cloven feet.
You have supernaturally acute eyesight. (SInv)
You passively map a small area around you.


Message History

The wight hits you with a +1 halberd!
You feel drained.
The wight hits you from afar with a +2 halberd.
The wight hits you but does no damage.
You slash the wight! You kick the wight, but do no damage.
The wight is heavily damaged.
You barely miss the wight. The wight barely misses you. x2
The wight hits you from afar with a +2 halberd.
The wight hits you but does no damage.
You hit the wight. You kick the wight, but do no damage.
The wight is lightly damaged.
You hit the wight. The wight barely misses you.
The wight hits you from afar with a +2 halberd of freezing!
The wight freezes you. The wight hits you but does no damage.
You block the wight's attack.
The wight hits you but does no damage. x3
The wight hits you with a +5 hand axe.
You hit the wight.
You destroy the wight!
You hit the wight.
The wight hits you from afar with a +2 halberd.
The wight closely misses you. You block the wight's attack.
Your life force feels restored.
You barely miss the wight. You kick the wight.
The wight is severely damaged.
You barely miss the wight. The wight hits you but does no damage.
The wight hits you from afar with a +2 halberd!
* * * LOW HITPOINT WARNING * * *
You feel drained. The wight barely misses you. You block the wight's attack.
You hit the wight but do no damage. You kick the wight.
The wight is almost destroyed.
You hit the wight. The wight hits you but does no damage.
The wight hits you from afar with a +2 halberd.
* * * LOW HITPOINT WARNING * * *
The wight hits you with a +1 halberd!
* * * LOW HITPOINT WARNING * * *
You feel drained. The wight barely misses you.
You feel better. The wight hits you with a +0 scimitar!
* * * LOW HITPOINT WARNING * * *
You feel drained. The wight completely misses you.
The wight hits you with a +1 halberd.
You die...

## ....#........## * *
.. ............... ,,,
..,* * ,....$..........,
..### * .|.............,
** ...#
#.................
##..###.#...............
....#.#.#.......zz..[...
, ..........#### #z## *,
.######....#.###@z## ..#
#..............#
..###....##..##....##
..#.....#.##.###....# *
..##..#......###....#
#....###............#
###.## #.....#....###
.##..# ###......#...#
..#..# #......#..###


You could see 4 wights.

Vanquished Creatures
  Grinder (D:5)
  A water moccasin (D:6)
  An ice beast (D:6)
  An ogre (D:3)
  A black bear (D:4)
  A wight (D:6)
  A crimson imp (D:5)
  5 orc priests
  3 hounds
  Natasha (thrice) (D:3)
  3 iguanas
  5 orc wizards
  7 adders
  2 ufetubi (D:4)
  3 dart slugs (D:1)
  A ribbon worm (D:4)
  16 orcs
  2 bats
  7 endoplasms
  4 giant cockroaches
  7 goblins
  12 hobgoblins
  4 jackals
  5 quokkas
  3 training dummies (D:4)
  7 ball pythons
  5 frilled lizards
  A goblin skeleton (D:5)
  2 goblin zombies (D:5)
  8 kobolds
  A kobold skeleton (D:5)
  A kobold zombie (D:5)
  An orc skeleton (D:5)
  An orc zombie (D:5)
  2 rats
128 creatures vanquished.

Notes
Turn   | Place    | Note
-------+----------+-------------------------------------------
     0 | D:1      | atomiclemming the Mountain Dwarf Fighter began the quest
                  | for the Orb.
     0 | D:1      | Reached XP level 1. HP: 19/19 MP: 1/1
    60 | D:1      | Reached XP level 2. HP: 14/26 MP: 2/2
   306 | D:1      | Reached XP level 3. HP: 33/33 MP: 3/3
   440 | D:1      | Reached skill level 3 in Axes
   626 | D:1      | Gained mutation: You are dopey. (Int -2) [potion of
                  | mutation]
   626 | D:1      | Gained mutation: You are somewhat resistant to further
                  | mutation. [potion of mutation]
  1282 | D:2      | Reached XP level 4. HP: 27/40 MP: 4/4
  1579 | D:3      | Noticed an ogre
  1589 | D:3      | Killed an ogre
  1590 | D:3      | Reached skill level 1 in Short Blades
  1590 | D:3      | Reached skill level 4 in Axes
  1590 | D:3      | Reached XP level 5. HP: 33/46 MP: 5/5
  1643 | D:3      | Noticed Natasha
  1699 | D:3      | Lost mutation: You are dopey. (Int -2) [potion of mutation]
  1699 | D:3      | Lost mutation: You are somewhat resistant to further
                  | mutation. [potion of mutation]
  1699 | D:3      | Gained mutation: You have supernaturally acute eyesight.
                  | (SInv) [potion of mutation]
  1699 | D:3      | Gained mutation: You have hidden genetic potential. [potion
                  | of mutation]
  1702 | D:3      | Killed Natasha
  1791 | D:3      | Noticed Natasha
  1809 | D:3      | Killed Natasha
  1836 | D:3      | Reached XP level 6. HP: 47/52 MP: 6/6
  1873 | D:3      | Found a hide-covered altar of Uskayaw.
  1873 | D:3      | Noticed a +0 dagger
  1874 | D:3      | Noticed a +0 spear
  1874 | D:3      | Noticed a +0 dagger
  1874 | D:3      | Noticed a +0 falchion
  1875 | D:3      | Noticed a +0 short sword
  1875 | D:3      | Noticed a +0 spear
  1876 | D:3      | Noticed a +0 short sword
  1877 | D:3      | Noticed a +0 falchion
  1929 | D:3      | Noticed Natasha
  1942 | D:3      | Killed Natasha
  1943 | D:3      | Reached skill level 1 in Dodging
  1972 | D:3      | Found a blossoming altar of Fedhas.
  2096 | D:3      | Gained mutation: You have large cloven feet. [hidden
                  | potential]
  2181 | D:3      | Found a broken altar of Ashenzari.
  2255 | D:3      | Became a worshipper of Ashenzari the Shackled
  2329 | D:4      | Found a hazy altar of Hepliaklqana.
  2410 | D:4      | Learned a level 1 spell: Sandblast
  2423 | D:4      | Reached skill level 5 in Armour
  2444 | D:4      | Found a stormy altar of Qazlal.
  2645 | D:4      | Found Otucsal's Firing Range.
  2663 | D:4      | HP: 1/52 [orc priest/nerve-wracking pain (13)]
  2665 | D:4      | Reached skill level 5 in Axes
  3108 | D:4      | Found a radiant altar of Vehumet.
  3114 | D:4      | Reached XP level 7. HP: 51/60 MP: 7/7
  3137 | D:4      | Gained mutation: You passively map a small area around you.
                  | [hidden potential]
  3137 | D:4      | Lost mutation: You have hidden genetic potential. [hidden
                  | potential expressed]
  3306 | D:5      | Entered Level 5 of the Dungeon
  3308 | D:5      | Noticed Grinder
  3308 | D:5      | Paralysed by Grinder for 2 turns
  3340 | D:5      | Killed Grinder
  3341 | D:5      | Reached skill level 6 in Axes
  3783 | D:5      | Found a bloodstained altar of Trog.
  3839 | D:5      | Found a glowing golden altar of the Shining One.
  3960 | D:5      | Learned a level 3 spell: Stone Arrow
  4068 | D:6      | Reached skill level 7 in Axes
  4076 | D:6      | Reached XP level 8. HP: 43/67 MP: 8/8
  4131 | D:6      | Reached skill level 5 in Fighting
  4416 | D:6      | HP: 2/67 [wight/+1 halberd (8)]
  4417 | D:6      | Slain by a wight

Illustrated notes

Levels and vault maps discovered:
D:1:      minmay_arrival_open_corners, layout_loops_ring
D:2:      layout_loops_ring
D:3:      layout_rooms, ashenzari_conservatory_becter,
          nicolae_uskayaw_en_pointe, fedhas_altar_3, uniq_natasha
D:4:      layout_rooms, mainiacjoe_overflow_surrounded_room,
          mainiacjoe_overflow_six_doors_small, nicolae_vehumet_radiance,
          lemuel_blue_sif_altar, nicolae_shop_firing_range
D:5:      layout_loops_ring, nicolae_tso_besieged_by_evil,
          mainiacjoe_overflow_alcove_1, uniq_grinder
D:6:      layout_cave_pools, temple_doors_e

Skill      XL: |  1  2  3  4  5  6  7  8 |
---------------+-------------------------+-----
Axes           | 3 4 5 7 |  7.9
Short Blades   | 1 |  1.6
Armour         | 4 5 6 |  6.4
Fighting       | 4 5 |  5.1
Dodging        | 1 |  1.8
Shields        | 4 |  4.8
Ranged Weapons | |  0.5
Stealth        | |  0.3

Action                     |  1- 3 |  4- 6 |  7- 9 || total
---------------------------+-------+-------+-------++-------
  Melee: War axe           |    68 |   156 |   100 ||   324
         Dagger            |    96 |       |       ||    96
         Kick              |       |    18 |     4 ||    22
   Fire: Orcbow            |    10 |       |       ||    10
 Invoke: Curse Item        |       |       |     1 ||     1
    Use: Scroll            |     2 |     4 |     1 ||     7
         Potion            |     1 |     5 |     2 ||     8
 Armour: Scale mail        |   147 |   171 |    47 ||   365
         Plate armour      |       |       |    28 ||    28
  Dodge: Dodged            |    92 |    99 |    43 ||   234
  Block: Buckler           |    16 |    41 |    24 ||    81

Table legend: (Time is in decaauts)
 A = Elapsed time spent in this place.
 B = Non-inter-level travel time spent in this place.
 C = Inter-level travel time spent in this place.
 D = Time resting spent in this place.
 E = Time spent auto-exploring this place.
 F = Levels seen in this place.
 G = Mean time per level.
                   A        B        C        D        E       F      G
               +--------+--------+--------+--------+--------+-----+--------+
         Total |   4516 |   4486 |     30 |    373 |      0 |   6 |  752.7 |
       Dungeon |   4516 |   4486 |     30 |    373 |      0 |   6 |  752.7 |
               +--------+--------+--------+--------+--------+-----+--------+

Top non-repeatable levels by time:
     D:4: 1010 daAuts
     D:2: 900 daAuts
     D:3: 763 daAuts
     D:5: 748 daAuts
     D:1: 712 daAuts
     D:6: 381 daAuts
